General information
- name: BNet
- type: Ladder team game (AT/RT)
- host: Battle.net
- saver: TIMG4STRok
map: Goldshire
- players: 4
- length: 30:22
- speed: Fast
- version: 1.21 W3XP
- replay type:

» download(204 KB)
Players
team 1 (loser)
9yo_girl (
red | 131 APM | 3966 actions | 30:18)
5 Death Knight
3 Death Coil
1 Unholy Aura
1 Death Pact
3 Pit Lord
1 Rain of Fire
2 Howl of Terror
» actions
| Assign group hotkey | 63 | |
| Basic commands | 169 | |
| Build / train | 134 | |
| Enter build submenu | 15 | |
| Enter hero's abilities submenu | 8 | |
| Give item / drop item | 5 | |
| Right click | 1312 | |
| Select / deselect | 697 | |
| Select group hotkey | 1358 | |
| Use ability | 205 | |
3966 total
» units
| Acolyte | 20 | |
| Ghoul | 7 | |
| Crypt Fiend | 27 | |
| Meatwagon | 15 | |
| Obsidian Statue | 6 | |
75 total
» upgrades
| Creature Attack | 1 | |
| Creature Carapace | 1 | |
| Burrow | 1 | |
| Web | 1 | |
| Unholy Strength | 1 | |
5 total
» buildings
| Graveyard | 1 | |
| Crypt | 1 | |
| Altar of Darkness | 1 | |
| Ziggurat | 6 | |
| Tomb of Relics | 1 | |
| Halls of the Dead | 5 | |
| Spirit Tower | 2 | |
| Slaughterhouse | 2 | |
19 total
» build order
00:05 Graveyard
00:12 Crypt
00:43 Altar of Darkness
01:01 Ziggurat
01:25 Tomb of Relics
02:03 Ziggurat
03:29 Ziggurat
05:04 Halls of the Dead
05:05 Halls of the Dead
05:05 Halls of the Dead
05:05 Halls of the Dead
06:18 Ziggurat
06:35 Spirit Tower
06:35 Spirit Tower
08:48 Slaughterhouse
08:49 Slaughterhouse
09:10 Ziggurat
15:03 Ziggurat
» items
| Rod of Necromancy | 13 | |
| Dust of Appearance | 5 | |
| Potion of Mana | 2 | |
| Potion of Healing | 2 | |
| Scroll of Town Portal | 2 | |
24 total
iprayfordisc (
teal | 144 APM | 4376 actions | 30:21)
6 Death Knight
3 Death Coil
2 Unholy Aura
1 Animate Dead
4 Lich
2 Frost Nova
2 Dark Ritual
» actions
| Assign group hotkey | 50 | |
| Basic commands | 111 | |
| Build / train | 70 | |
| ESC pressed | 1 | |
| Enter build submenu | 16 | |
| Enter hero's abilities submenu | 10 | |
| Give item / drop item | 3 | |
| Remove unit from queue | 2 | |
| Right click | 2176 | |
| Select / deselect | 444 | |
| Select group hotkey | 1368 | |
| Use ability | 125 | |
4376 total
» units
| Acolyte | 2 | |
| Ghoul | 1 | |
| Crypt Fiend | 15 | |
| Obsidian Statue | 2 | |
| Abomination | 19 | |
39 total
» upgrades
» buildings
| Crypt | 1 | |
| Graveyard | 1 | |
| Ziggurat | 8 | |
| Altar of Darkness | 1 | |
| Tomb of Relics | 1 | |
| Halls of the Dead | 1 | |
| Slaughterhouse | 1 | |
| Black Citadel | 1 | |
15 total
» build order
00:05 Crypt
00:21 Graveyard
00:38 Ziggurat
00:57 Altar of Darkness
01:29 Ziggurat
01:41 Tomb of Relics
03:34 Halls of the Dead
05:27 Ziggurat
05:29 Ziggurat
06:28 Slaughterhouse
07:24 Ziggurat
07:25 Ziggurat
09:12 Black Citadel
11:51 Ziggurat
11:53 Ziggurat
» items
| Rod of Necromancy | 3 | |
| Potion of Mana | 2 | |
| Potion of Lesser Invulnerability | 1 | |
| Scroll of Healing | 2 | |
| Orb of Corruption | 1 | |
| Scroll of Town Portal | 3 | |
| Potion of Healing | 1 | |
13 total
team 2 (winner)

»
iggy_the_fisk (
blue | 102 APM | 3091 actions | 30:21)
5 Demon Hunter
3 Mana Burn
2 Evasion
5 Pandaren Brewmaster
3 Breath of Fire
1 Drunken Haze
1 Drunken Brawler
» actions
| Assign group hotkey | 114 | |
| Basic commands | 52 | |
| Build / train | 94 | |
| Enter build submenu | 18 | |
| Enter hero's abilities submenu | 10 | |
| Give item / drop item | 3 | |
| Remove unit from queue | 1 | |
| Right click | 1579 | |
| Select / deselect | 522 | |
| Select group hotkey | 511 | |
| Use ability | 187 | |
3091 total
» units
| Wisp | 19 | |
| Archer | 8 | |
| Dryad | 15 | |
| Druid of the Claw | 12 | |
54 total
» upgrades
| Abolish Magic | 1 | |
| Druid of the Claw Training | 2 | |
| Strength of the Wild | 3 | |
| Well Spring | 1 | |
| Mark of the Claw | 1 | |
| Reinforced Hides | 1 | |
9 total
» buildings
| Altar of Elders | 1 | |
| Moon Well | 7 | |
| Ancient of War | 1 | |
| Tree of Ages | 4 | |
| Hunter's Hall | 1 | |
| Ancient of Lore | 2 | |
| Ancient of Wonders | 1 | |
| Tree of Eternity | 1 | |
| Tree of Life | 3 | |
21 total
» build order
00:08 Altar of Elders
00:19 Moon Well
01:01 Ancient of War
01:29 Moon Well
02:25 Tree of Ages
02:25 Tree of Ages
02:25 Tree of Ages
03:07 Moon Well
03:41 Hunter's Hall
05:26 Ancient of Lore
05:29 Ancient of Lore
05:40 Ancient of Wonders
06:41 Moon Well
07:36 Tree of Eternity
11:56 Moon Well
13:51 Tree of Life
21:02 Moon Well
22:11 Moon Well
24:54 Tree of Life
28:30 Tree of Life
» items
| Potion of Lesser Invulnerability | 2 | |
| Staff of Teleportation | 1 | |
| Staff of Preservation | 2 | |
| Orb of Venom | 1 | |
| Potion of Healing | 4 | |
| Scroll of Town Portal | 1 | |
11 total

»
TIMG4STRok (
yellow | 127 APM | 3849 actions | 30:22)
6 Demon Hunter
3 Mana Burn
2 Evasion
1 Metamorphosis
6 Dark Ranger
3 Black Arrow
2 Silence
1 Charm
» actions
| Assign group hotkey | 51 | |
| Basic commands | 186 | |
| Build / train | 96 | |
| ESC pressed | 7 | |
| Enter build submenu | 16 | |
| Enter hero's abilities submenu | 13 | |
| Give item / drop item | 2 | |
| Right click | 1556 | |
| Select / deselect | 347 | |
| Select group hotkey | 1438 | |
| Use ability | 136 | |
3849 total
» units
| Wisp | 21 | |
| Archer | 30 | |
| Mountain Giant | 7 | |
58 total
» upgrades
| Improved Bows | 1 | |
| Hardened Skin | 1 | |
| Resistant Skin | 1 | |
| Reinforced Hides | 2 | |
| Marksmanship | 1 | |
| Ultravision | 1 | |
| Strength of the Moon | 1 | |
| Well Spring | 1 | |
| Moon Armor | 1 | |
| Strength of the Wild | 1 | |
11 total
» buildings
| Altar of Elders | 1 | |
| Moon Well | 7 | |
| Ancient of War | 1 | |
| Ancient of Wonders | 1 | |
| Tree of Ages | 1 | |
| Hunter's Hall | 1 | |
| Tree of Eternity | 1 | |
| Ancient of Lore | 1 | |
| Tree of Life | 2 | |
16 total
» build order
00:04 Altar of Elders
00:27 Moon Well
00:49 Ancient of War
01:34 Moon Well
01:54 Ancient of Wonders
02:30 Moon Well
03:19 Tree of Ages
05:30 Hunter's Hall
05:43 Tree of Eternity
06:58 Ancient of Lore
07:37 Moon Well
10:02 Tree of Life
10:50 Moon Well
14:45 Moon Well
20:45 Tree of Life
22:07 Moon Well
» items
| Scroll of Town Portal | 5 | |
| Potion of Healing | 2 | |
| Staff of Preservation | 2 | |
| Orb of Venom | 1 | |
10 total
Chat log
(26:38 / All) iprayfordisc: SCRAM
(29:38 / All) TIMG4STRok: gg
(29:43 / All) 9yo_girl: gg gay
(29:48 / All) TIMG4STRok: says 2 ud
(29:49 / All) iggy_the_fisk: owned by towa again...
(29:50 / All) TIMG4STRok: quit fag